Map: Sentinel LE

Players

Throwfordays

  • Race: Zerg Zerg
  • League: Silver
  • Spawn Location: 9:00

Cthulhu

  • Race: Zerg Zerg
  • Spawn Location: 9:00

Faust

  • Race: Zerg Zerg
  • League: Diamond
  • Spawn Location: 12:00

SirReal

  • Race: Protoss Protoss
  • League: Master
  • Spawn Location: 5:00

Groot

  • Race: Protoss Protoss
  • Spawn Location: 5:00

Neeb

  • Race: Terran Terran
  • Spawn Location: 6:00

VOD

Have the link to the VOD?

Description

Time

  • Played on: July 4, 2020, 9:17 p.m.
  • Length: 11:22
Show
View Real Time Build Order
Export as new Build Order

Throwfordays Zerg 

Build Orders: Hatch First, Zergling Baneling 

Get SALT Encoding   

  12  0:01  Drone  
  13  0:13  Overlord  
  13  0:18  Drone  
  14  0:31  Drone x2  
  16  0:40  Drone  
  17  0:55  Hatchery  
  17  0:56  Drone  
  17  1:01  Drone  
  18  1:13  Spawning Pool  
  18  1:16  Extractor  
  16  1:21  Overlord  
  16  1:57  Drone  
  16  1:59  Queen  
  19  2:03  Zergling x4  
  19  2:06  Queen  
  19  2:08  Drone  
  24  2:11  Zergling x2  
  25  2:17  Metabolic Boost  
  25  2:22  Drone  
  26  2:27  Drone  
  27  2:34  Zergling x2  
  28  2:40  Drone x2  
  28  2:42  Queen  
  32  2:55  Drone  
  32  2:58  Drone  
  32  3:10  Zergling x4  
  34  3:24  Drone x2  
  36  3:27  Overlord  
  36  3:33  Baneling Nest  
  35  3:37  Extractor  
  35  3:39  Overlord  
  34  3:41  Drone  
  34  3:43  Drone  
  34  3:45  Overlord  
  34  3:46  Overlord  
  36  3:54  Drone  
  36  3:55  Drone x5  
  42  4:06  Drone  
  42  4:07  Drone  
  43  4:11  Zergling x2  
  43  4:14  Zergling x2  
  44  4:23  Zergling x2  
  45  4:26  Zergling x6  
  49  4:31  Zergling x4  
  49  4:33  Lair  
  50  4:38  Baneling  
  50  4:39  Baneling x3  
  50  4:52  Baneling x3  
  50  4:53  Baneling x6  
  50  5:01  Zergling x8  
  50  5:04  Zergling x2  
  50  5:05  Zergling x10  
  58  5:43  Queen  
  58  5:44  Zergling x6  
  58  5:45  Zergling x6  
  58  5:49  Zergling x10  
  67  5:52  Overlord  
  67  5:53  Overlord  
  67  5:54  Centrifical Hooks  
  67  6:18  Baneling x5  
  67  6:19  Baneling x6  
  67  6:20  Baneling x3  
  67  6:21  Baneling  
  67  6:25  Extractor  
  66  6:26  Extractor, Drone x3  
  66  6:31  Drone x5  
  71  6:49  Zergling x4  
  71  6:54  Zergling x4  
  75  6:57  Overlord x3  
  75  7:11  Overlord x4  
  75  7:25  Baneling x6  
  75  7:26  Baneling x2  
  75  7:30  Drone x3  
  75  7:32  Drone x2  
  54  8:34  Zergling x12  
  54  8:38  Zergling x10  
  64  8:54  Zergling x2  
  65  8:56  Hatchery  
  65  8:58  Zergling x4  
  65  9:02  Baneling x7  
  66  9:03  Baneling x15  
  66  9:15  Zergling x2  
  66  9:16  Zergling x6  
  70  9:19  Zergling x8  
  74  9:30  Evolution Chamber  
  73  9:34  Evolution Chamber  
  73  9:37  Infestation Pit  
  71  9:42  Queen  
  73  9:46  Zergling x8  
  73  9:49  Zergling x4  
  73  9:50  Zergling x4  
  56  10:54  Zergling x12  
  61  10:58  Zergling x10  
  61  10:59  Zergling x2  
  61  11:06  Drone x3  
Show
View Real Time Build Order
Export as new Build Order

Cthulhu Zerg 

Build Orders: Pool First, Zergling Baneling 

Get SALT Encoding   

  12  0:02  Drone  
  13  0:10  Drone  
  14  0:19  Extractor  
  14  0:20  Drone  
  15  0:36  Spawning Pool  
  14  0:44  Extractor  
  14  0:45  Drone  
  14  0:46  Overlord  
  14  1:05  Drone  
  14  1:06  Drone  
  16  1:12  Drone  
  17  1:26  Zergling x2  
  17  1:30  Drone  
  19  1:50  Metabolic Boost, Hatchery  
  19  1:53  Drone  
  19  1:55  Zergling x2  
  20  2:02  Drone  
  21  2:23  Extractor  
  21  2:25  Drone x2  
  22  2:37  Baneling Nest  
  21  3:00  Queen  
  21  3:01  Evolution Chamber  
  22  3:09  Zergling x2  
  22  3:10  Drone  
  22  3:11  Drone x2  
  26  3:34  Zergling x4  
  27  3:35  Overlord x2  
  27  3:40  Lair  
  28  3:47  Zerg Melee Weapons Level 1  
  26  4:11  Zergling x12  
  32  4:20  Baneling  
  32  4:42  Zergling x4  
  32  4:44  Baneling x14  
  32  4:45  Baneling x3  
  34  4:48  Queen  
  36  4:56  Zergling x6  
  36  4:57  Zergling x2  
  36  4:59  Drone  
  41  5:11  Centrifical Hooks  
  40  5:25  Queen  
  42  5:29  Drone  
  38  6:05  Zergling x2  
  38  6:06  Zergling x10  
  44  6:13  Zerg Melee Weapons Level 2  
  44  6:46  Overlord x6  
  44  7:09  Hydralisk Den  
  43  7:16  Spore Crawler  
  43  7:19  Spore Crawler  
  43  7:20  Spore Crawler  
  40  7:24  Burrow  
  40  7:25  Drone x5  
  40  7:29  Drone  
  45  7:58  Zergling x16  
  39  8:29  Hydralisk x4  
  39  8:30  Hydralisk  
  39  8:33  Drone x2  
  51  8:50  Drone  
  51  8:51  Drone x3  
  51  8:53  Overseer x2  
  55  9:08  Muscular Augments  
  55  9:15  Baneling x2  
  55  9:16  Baneling x9  
  55  9:37  Drone x9  
  64  10:04  Infestation Pit  
  63  10:07  Hatchery  
  61  10:15  Spore Crawler  
  51  10:33  Hydralisk  
  51  10:34  Hydralisk  
  51  10:35  Hydralisk x7  
  67  10:52  Hydralisk  
  67  10:53  Hydralisk  
Show
View Real Time Build Order
Export as new Build Order

Faust Zerg 

Build Orders: Hatch First, Muta Ling Bane 

Get SALT Encoding   

  12  0:01  Drone  
  13  0:09  Drone  
  14  0:14  Extractor  
  14  0:16  Drone  
  15  0:23  Overlord  
  15  0:50  Drone  
  15  0:53  Hatchery  
  15  0:58  Drone  
  15  1:00  Drone  
  17  1:12  Spawning Pool  
  17  1:17  Drone  
  17  1:21  Extractor  
  17  1:22  Drone  
  17  1:31  Overlord  
  17  1:44  Drone  
  18  1:48  Drone  
  19  1:59  Queen  
  19  2:00  Zergling x2  
  22  2:04  Queen  
  24  2:09  Zergling x2  
  24  2:10  Drone  
  26  2:16  Drone  
  26  2:19  Overlord  
  27  2:26  Metabolic Boost  
  27  2:37  Zergling x4  
  27  2:38  Zergling x2  
  30  2:51  Queen  
  30  2:53  Queen  
  33  3:19  Drone  
  33  3:20  Drone x7  
  33  3:25  Extractor  
  39  3:32  Lair  
  39  3:48  Drone  
  39  3:49  Drone x3  
  39  3:50  Overlord  
  39  3:51  Overlord  
  43  3:56  Extractor  
  43  3:58  Extractor  
  39  4:16  Drone x3  
  41  4:17  Drone x3  
  41  4:21  Drone x3  
  47  4:41  Baneling Nest  
  47  4:42  Spire  
  47  4:44  Hatchery  
  44  4:46  Zergling x2  
  44  4:47  Zergling x6  
  44  4:50  Drone  
  50  4:52  Drone  
  50  4:56  Drone  
  52  5:21  Zergling x4  
  52  5:26  Zergling x2  
  52  5:27  Zergling x12  
  53  5:51  Drone  
  53  5:52  Drone  
  53  5:55  Mutalisk  
  53  5:56  Mutalisk x4  
  63  6:01  Queen  
  65  6:09  Overlord x2  
  65  6:15  Drone  
  66  6:42  Drone x10  
  66  6:46  Extractor  
  75  6:49  Centrifical Hooks  
  75  6:51  Zerg Flyer Weapons Level 1  
  75  6:52  Mutalisk x2  
  79  6:58  Drone  
  79  6:59  Drone x2  
  82  7:14  Overlord  
  82  7:15  Overlord  
  82  7:22  Hatchery  
  81  7:26  Overlord  
  81  7:32  Queen  
  83  7:41  Mutalisk x3  
  83  7:43  Overlord x3  
  89  7:46  Mutalisk x4  
  97  7:56  Drone  
  98  8:02  Mutalisk  
  98  8:03  Extractor, Mutalisk x5  
  109  8:06  Drone  
  110  8:30  Mutalisk x3  
  110  8:31  Mutalisk  
  118  8:38  Drone x3  
  118  8:39  Drone x3  
  123  8:47  Extractor  
  122  8:49  Extractor  
  122  8:50  Zerg Flyer Weapons Level 2  
  113  9:06  Zergling x2  
  113  9:07  Zergling x26  
  127  9:18  Overlord x3  
  127  9:26  Baneling x7  
  127  9:27  Baneling x2  
  127  9:29  Drone  
  128  9:35  Queen  
  130  10:05  Infestation Pit  
  129  10:07  Mutalisk  
  129  10:08  Mutalisk x10  
  129  10:14  Queen, Drone  
  150  10:25  Baneling  
  150  10:26  Baneling x18  
  150  10:27  Zergling x4  
  152  10:31  Overlord x3  
  118  10:51  Mutalisk x5  
Show
View Real Time Build Order
Export as new Build Order

SirReal Protoss 

Build Orders: Zealot Archon 

Get SALT Encoding   

  12  0:01  Probe  
  13  0:13  Probe  
  14  0:18  Pylon  
  14  0:25  Probe  
  15  0:37  Gateway  
  15  0:38  Probe  
  16  0:45  Assimilator  
  16  0:47  Probe  
  16  0:55  Probe  
  18  1:07  Probe  
  19  1:12  Gateway  
  19  1:19  Probe  
  20  1:25  Cybernetics Core  
  20  1:31  Assimilator, Probe  
  21  1:39  Pylon  
  21  1:43  Probe  
  22  1:55  Adept, Probe  
  22  1:56  Adept  
  27  2:09  Robotics Facility  
  27  2:11  Warp Gate  
  27  2:13  Pylon  
  27  2:20  Gateway  
  27  2:36  Probe  
  28  2:39  Pylon  
  28  2:48  Probe  
  29  2:55  Warp Prism  
  31  3:00  Probe  
  30  3:24  Probe  
  30  3:27  Gateway  
  29  3:34  Shield Battery  
  29  4:00  Adept  
  29  4:01  Adept x2  
  35  4:13  Probe  
  36  4:19  Twilight Council  
  36  4:25  Nexus  
  36  4:38  Probe  
  37  4:39  Resonating Glaives  
  37  4:46  Pylon  
  37  4:50  Probe  
  38  5:02  Adept, Gateway x2  
  38  5:03  Probe  
  38  5:05  Gateway  
  41  5:15  Probe  
  42  5:24  Zealot  
  42  5:25  Zealot x3  
  48  5:46  Zealot x2  
  40  5:51  Adept x4  
  40  5:55  Pylon  
  36  6:04  Probe  
  36  6:09  Probe  
  38  6:13  Probe, Dark Shrine  
  39  6:21  Probe x2  
  37  6:33  Probe  
  34  6:41  Probe  
  34  6:42  Probe  
  36  6:49  Probe  
  36  6:53  Warp Prism  
  36  6:54  Probe  
  40  7:00  Probe  
  41  7:06  Probe  
  42  7:12  Probe  
  42  7:15  Gateway  
  43  7:27  Dark Templar  
  43  7:28  Dark Templar x2  
  49  7:37  Dark Templar  
  43  7:46  Archon  
  43  7:47  Archon  
  43  7:53  Assimilator  
  43  7:54  Dark Templar  
  43  7:56  Forge  
  43  7:57  Assimilator  
  45  8:05  Dark Templar x2  
  43  8:22  Dark Templar  
  45  8:38  Pylon, Probe  
  45  8:39  Probe  
  47  8:49  Dark Templar x2  
  47  8:51  Probe  
  52  8:56  Archon  
  52  9:14  Sentry x2  
  52  9:17  Dark Templar x2  
  52  9:21  Archon  
  56  9:25  Dark Templar, Zealot  
  56  9:26  Zealot x4  
  56  9:29  Archon  
  68  9:47  Dark Templar  
  70  9:57  Nexus  
  70  10:05  Pylon  
  70  10:19  Dark Templar x2  
  70  10:21  Dark Templar, Zealot  
  76  10:23  Archon  
  76  10:25  Probe x2  
  42  10:51  Dark Templar x2  
  44  10:58  Dark Templar  
  44  10:59  Zealot x4  
  54  11:13  Dark Templar  
  54  11:16  Archon  
Show
View Real Time Build Order
Export as new Build Order

Groot Protoss 

Build Orders: Nexus First 

Get SALT Encoding   

  1  0:00  Probe  
  12  0:05  Probe  
  14  0:18  Pylon  
  14  0:23  Probe  
  15  0:36  Probe  
  16  0:48  Probe  
  17  1:02  Nexus  
  17  1:03  Probe  
  18  1:21  Gateway  
  18  1:23  Assimilator  
  18  1:24  Probe  
  19  1:33  Assimilator  
  19  1:45  Probe  
  20  1:58  Probe  
  21  2:08  Cybernetics Core  
  21  2:13  Probe  
  21  2:14  Forge  
  21  2:19  Pylon, Probe  
  22  2:27  Probe  
  23  2:30  Pylon  
  24  2:37  Probe  
  25  2:46  Probe  
  25  2:49  Probe  
  25  2:50  Photon Cannon  
  27  2:58  Probe  
  28  3:02  Photon Cannon  
  28  3:05  Probe  
  29  3:10  Stargate  
  29  3:17  Probe  
  30  3:24  Probe  
  30  3:27  Robotics Facility  
  31  3:34  Photon Cannon  
  31  3:35  Photon Cannon  
  31  3:42  Pylon  
  31  3:45  Pylon  
  31  3:48  Probe  
  31  3:53  Photon Cannon  
  32  4:07  Gateway  
  32  4:09  Gateway  
  32  4:19  Photon Cannon  
  32  4:23  Photon Cannon  
  32  4:25  Photon Cannon  
  32  4:26  Probe  
  33  4:32  Probe  
  34  4:40  Assimilator, Probe  
  35  4:49  Void Ray  
  39  5:01  Pylon  
  39  5:06  Pylon, Probe  
  40  5:09  Assimilator  
  40  5:21  Photon Cannon  
  40  5:27  Stargate  
  40  5:31  Photon Cannon  
  40  5:32  Stargate  
  40  5:40  Void Ray  
  44  5:44  Probe  
  45  6:00  Zealot  
  47  6:10  Protoss Air Weapons Level 1, Void Ray  
  51  6:16  Void Ray  
  55  6:27  Probe  
  55  6:29  Stargate  
  56  6:38  Fleet Beacon  
  56  6:43  Probe  
  57  6:47  Photon Cannon  
  57  6:59  Nexus  
  57  7:05  Pylon  
  57  7:09  Void Ray x2  
  65  7:23  Void Ray  
  69  7:36  Void Ray  
  73  7:40  Flux Vanes  
  73  7:48  Probe  
  74  7:54  Photon Cannon  
  74  7:58  Photon Cannon  
  74  7:59  Void Ray  
  74  8:00  Assimilator  
  74  8:05  Assimilator  
  76  8:32  Void Ray x3  
  88  8:34  Probe  
  89  8:48  Void Ray  
  89  8:55  Photon Cannon, Probe  
  93  8:58  Probe x2  
  96  9:09  Anion Pulse-Crystals  
  96  9:25  Void Ray  
  100  9:34  Pylon  
  100  9:36  Pylon  
  100  9:42  Pylon, Void Ray  
  100  10:06  Void Ray x2  
  108  10:07  Photon Cannon  
  108  10:12  Photon Cannon  
Show
View Real Time Build Order
Export as new Build Order

Neeb Terran 

Build Orders: Command Center First (CC) 

Get SALT Encoding   

  12  0:01  SCV  
  13  0:13  SCV  
  14  0:19  Supply Depot  
  14  0:25  SCV  
  15  0:40  SCV  
  16  0:58  SCV  
  16  1:03  Command Center  
  17  1:14  SCV  
  18  1:26  SCV  
  19  1:37  Barracks  
  19  1:39  SCV  
  20  1:48  Barracks  
  20  1:51  SCV  
  20  1:53  Barracks  
  21  2:03  SCV  
  21  2:04  Refinery  
  22  2:16  SCV  
  23  2:26  Orbital Command  
  23  2:27  Marine  
  24  2:35  Marine  
  25  2:39  Orbital Command  
  25  2:42  Marine  
  26  2:47  Marine  
  27  2:52  Marine  
  27  2:53  SCV  
  29  3:00  Marine  
  29  3:05  Marine, SCV x2  
  34  3:14  Barracks Tech Lab  
  34  3:17  SCV x2  
  34  3:18  Marine, Refinery  
  36  3:23  Marine, Factory  
  37  3:36  Marine  
  38  3:41  Supply Depot  
  38  3:48  Combat Shield  
  38  3:53  Supply Depot  
  38  4:03  Marine x3, SCV x2  
  43  4:20  Marine x3  
  46  4:31  SCV x2  
  47  4:35  Factory Reactor, Starport  
  48  4:38  Marine x3  
  48  4:40  Supply Depot  
  48  4:43  SCV  
  48  4:44  SCV  
  53  4:46  Supply Depot  
  53  4:55  SCV  
  54  5:02  Marine x2, SCV  
  54  5:05  Supply Depot x2  
  54  5:06  Engineering Bay  
  57  5:07  SCV  
  57  5:09  Refinery, Engineering Bay  
  57  5:11  Refinery  
  57  5:12  Marine, Stimpack  
  59  5:14  SCV  
  59  5:15  Command Center  
  59  5:19  SCV  
  59  5:20  Marine x2  
  63  5:23  Supply Depot  
  63  5:24  Supply Depot  
  63  5:26  SCV  
  64  5:31  SCV  
  65  5:38  SCV  
  65  5:40  Marine x3  
  69  5:43  SCV  
  70  5:50  SCV  
  70  5:51  Factory Tech Lab  
  70  5:53  Supply Depot  
  70  5:56  SCV  
  72  5:58  Marine x2  
  72  6:03  Marine  
  75  6:09  Medivac x2  
  79  6:13  SCV x2  
  79  6:14  Supply Depot  
  79  6:16  Marine  
  83  6:19  Terran Infantry Weapons Level 1  
  83  6:20  Terran Infantry Armor Level 1  
  83  6:21  Marine  
  83  6:22  Barracks Reactor, Siege Tank  
  86  6:26  Supply Depot  
  86  6:27  Armory  
  86  6:33  Supply Depot, Missile Turret  
  86  6:34  Marine, Supply Depot  
  86  6:38  Missile Turret  
  86  6:39  Marine  
  88  6:44  Missile Turret  
  88  6:48  Missile Turret  
  88  6:52  Missile Turret  
  88  6:55  Orbital Command  
  88  6:57  SCV  
  89  7:03  Siege Tank  
  92  7:30  Barracks Reactor  
  92  7:33  Factory  
  92  7:34  Barracks Tech Lab  
  92  7:37  Medivac x2, Siege Tank  
  92  7:44  Marine x2  
  101  7:55  Barracks  
  101  7:57  Barracks  
  101  7:58  Barracks  
  101  8:01  Marine x2  
  101  8:02  Factory  
  103  8:09  Barracks Reactor  
  95  8:19  Marine  
  93  8:25  Marine  
  93  8:26  Marine x2  
  92  8:34  Siege Tank x2  
  92  8:37  Marine  
  92  8:39  Supply Depot  
  92  8:40  SCV x3  
  99  8:41  Supply Depot  
  99  8:43  Marine x3  
  96  8:49  Siege Tank  
  96  8:52  SCV x2  
  96  8:55  Marine  
  102  9:01  Marine  
  102  9:09  SCV x2  
  105  9:10  SCV, Siege Tank x2  
  111  9:17  Marine x4  
  111  9:22  Marine x5  
  111  9:23  Command Center  
  120  9:25  Missile Turret  
  120  9:26  Missile Turret  
  120  9:27  Supply Depot  
  120  9:28  Supply Depot  
  120  9:29  Missile Turret  
  120  9:30  SCV x3  
  123  9:34  Marine  
  123  9:35  Marine x3  
  127  9:39  Marine  
  127  9:40  Marine x4  
  127  9:42  SCV x3  
  135  9:52  Marine x2  
  135  9:53  Marine  
  135  9:54  SCV  
  135  9:55  Siege Tank x3  
  135  9:56  Marine  
  135  9:57  Marine x2  
  135  9:58  Marine, Medivac  
  142  10:27  Marine  
  142  10:28  Marine x2  
  119  10:36  Marine  
  119  10:37  Marine  
  118  10:51  Marine  
Tags
 
Add a new tag
Caveats
  • Supply blocks, unpowered buildings, or Contaminate may cause inaccurate times.
  • Supply counts are checked every 10 seconds.